 Dungeon Crawl Stone Soup version 0.30.1-11-g7821555f0a (webtiles) character file.

Game seed: 5119595548935130834

3801 lonewolfV2 the Protected (level 9, 0/69 (71) HPs)
             Began as a Demonspawn Fighter on Oct 31, 2023.
             Was a Believer of Qazlal.
             Slain by a wight
             ... wielding a +2 trident of freezing
              (1 damage)
             ... on level 9 of the Dungeon.
             The game lasted 00:16:38 (7777 turns).

lonewolfV2 the Protected (Demonspawn Fighter)       Turns: 7777, Time: 00:16:39

HP:   0/69 (71)     AC: 11    Str: 18    XL:     9   Next: 96%
MP:   14/14         EV:  7    Int:  9    God:    Qazlal [**....]
Gold: 394           SH:  7    Dex: 16    Spells: 8/8 levels left

rFire   + + .        b - +3 rapier of Qazlal's Envy {pain, rF+ rN+}
rCold   + . .        c - +0 buckler
rNeg    + . .        k - +0 plate armour
rPois   .            (helmet restricted)
rElec   .            (no cloak)
rCorr   +            l - +1 pair of gloves
SInv    .            t - +2 pair of boots
Will    .....        u - amulet of faith Stlth
                     q - ring of protection from cold
HPRegen 0.31/turn    i - ring of protection from fire
MPRegen 0.14/turn

%: clarity, faith
@: corroded, studying Armour, lightly drained
A: horns 1, yellow scales 3, powered by death 1, spiny 1, clarity
a: Renounce Religion, Upheaval


You were on level 9 of the Dungeon.
You worshipped Qazlal.
Qazlal was pleased with you.
You visited 2 branches of the dungeon, and saw 10 of its levels.

You collected 394 gold pieces.

Inventory:

Hand Weapons
 a - a +1 war axe
 b - the +3 rapier of Qazlal's Envy (weapon) {pain, rF+ rN+}
   (You found it on level 3 of the Dungeon)

   rF:        It protects you from fire.
   rN:        It protects you from negative energy.
Missiles
 j - 2 throwing nets (quivered)
Armour
 c - a +0 buckler (worn)
 k - a +0 plate armour (worn)
 l - a +1 pair of gloves (worn)
 t - a +2 pair of boots (worn)
Jewellery
 e - a +6 ring of intelligence
 g - a ring of willpower
 i - a ring of protection from fire (right hand)
 q - a ring of protection from cold (left hand)
 u - an amulet of faith (around neck)
 v - a ring of protection from cold
Wands
 f - a wand of polymorph (5)
 n - a wand of mindburst (9)
 p - a wand of flame (26)
Scrolls
 o - 4 scrolls of teleportation
 r - 5 scrolls of identify
 s - a scroll of enchant armour
 w - a scroll of fear
Potions
 d - 2 potions of might
 h - 3 potions of curing
 m - a potion of degeneration
Miscellaneous
 x - a piece from Xom's chessboard (15/15)


   Skills:
 - Level 6.4 Fighting
 - Level 6.7 Short Blades
 - Level 3.1 Axes
 + Level 8.7 Armour
 * Level 5.4 Dodging
 - Level 2.6 Shields
 + Level 6.9 Invocations


You had 8 spell levels left.
You didn't know any spells.
Your spell library contained the following spells:

 Spells                   Type           Power      Damage    Failure   Level
 Foxfire                  Conj/Fire      0%         2x1d4     100%        1
 Necrotise                Necr           0%         1d4       100%        1
 Vampiric Draining        Necr           0%         2d6       100%        3
 Volatile Blastmotes      Fire/Tloc      0%         2d10      100%        3
 Fulminant Prism          Conj/Hex       0%         3d5       100%        4
 Iskenderun's Mystic Bla  Conj/Tloc      0%         2d3       100%        4
 Agony                    Necr           0%         N/A       100%        5
 Fireball                 Conj/Fire      0%         3d3       100%        5
 Lee's Rapid Deconstruct  Erth           0%         3d4*      100%        5
 Plasma Beam              Fire/Air       0%         2x1d11    100%        6
 Starburst                Conj/Fire      0%         6d3       100%        6


Dungeon Overview and Level Annotations

Branches:
Dungeon (9/15)             Temple (1/1) D:6
   Lair: D:8-11         Orc: D:9-12

Altars:
Ashenzari
Cheibriados
Dithmenos
Fedhas
Gozag
Kikubaaqudgha
Makhleb
Nemelex Xobeh
Okawaru
Qazlal
Ru
Sif Muna
Uskayaw
Vehumet
Wu Jian
Xom
Yredelemnul

Shops:
D:3 :=?!*   D:5 [   D:8 :


Innate Abilities, Weirdness & Mutations

You have a pair of small horns on your head.
You are completely covered in yellow scales. (AC +4, rCorr)
You regenerate a little health from kills.
You are partially covered in sharp spines.
You possess an exceptional clarity of mind.


Message History

Your headbutt misses the acid dragon.
The acid dragon is severely wounded.
The wight hits you from afar with a +2 trident of freezing.
* * * LOW HITPOINT WARNING * * *
The wight freezes you.
* * * LOW HITPOINT WARNING * * *
The acid dragon is struck by your spines.
The acid dragon bites you but does no damage.
The acid dragon claws you but does no damage.
You hit the acid dragon.
You headbutt the acid dragon, but do no damage.
The acid dragon is almost dead.
The wight hits you from afar with a +2 trident of freezing!
* * * LOW HITPOINT WARNING * * *
You partially resist.
You feel drained. The wight freezes you.
* * * LOW HITPOINT WARNING * * *
The acid dragon bites you but does no damage.
The acid dragon completely misses you.
You hit the acid dragon but do no damage.
You headbutt the acid dragon, but do no damage.
The acid dragon is almost dead.
The wight hits you but does no damage. You block the acid dragon's attack.
The acid dragon claws you but does no damage.
You barely miss the acid dragon.
The acid dragon is almost dead.
The wight hits you from afar with a +2 trident of freezing!
* * * LOW HITPOINT WARNING * * *
The acid dragon spits acid at you.
The splash of acid hits you but does no damage.
The acid corrodes you!
You feel better.
The wight hits you from afar with a +2 trident of freezing.
* * * LOW HITPOINT WARNING * * *
The acid dragon is struck by your spines.
You kill the acid dragon!
Qazlal accepts your kill.
The wight hits you from afar with a +2 trident of freezing!
* * * LOW HITPOINT WARNING * * *
The wight freezes you.
You die...

#. .. #. .## .###
## # ..### .... #.
#.... ..... # ...
#...# ..... #
...!###.# ...... #
...<...⌠#.##......
# .# .:.
###@)....... # ...
.. #...)#...... #
#.###.###.z###
..... +
#...#⌠#.)).# ....
# #.###))).# ... #
#.#.....'### ## #
#........#
######.###
####'#####
####+####


You could see a wight.

Vanquished Creatures
  A kobold demonologist (D:8)
  A hornet (D:7)
  2 wyverns (D:9)
  A steam dragon (D:9)
  2 acid dragons (D:9)
  2 water moccasins
  3 orc warriors
  2 ice beasts
  2 ogres
  A centaur (D:7)
  2 kobold brigands
  Blork the orc (D:5)
  2 bullfrogs
  3 scorpions
  3 wights (D:9)
  4 killer bees (D:9)
  2 howler monkeys (D:9)
  4 orc priests
  A hound (D:4)
  2 jellies (D:6)
  2 gnoll boudas (D:7)
  3 iron imps (D:5)
  A sleepcap (D:5)
  An iguana (D:7)
  Ijyb (D:5)
  7 orc wizards
  8 adders
  8 gnolls (D:7)
  2 white imps
  An ufetubus (D:6)
  4 worms
  4 dart slugs
  25 orcs
  7 ball pythons
  7 endoplasms
  2 giant cockroaches
  5 goblins
  7 hobgoblins
  18 kobolds
  2 quokkas
  2 bats
  A frilled lizard (D:1)
  9 rats
168 creatures vanquished.

Notes
Turn   | Place    | Note
-------+----------+-------------------------------------------
     0 | D:1      | lonewolfV2 the Demonspawn Fighter began the quest for the
                  | Orb.
     0 | D:1      | Reached XP level 1. HP: 18/18 MP: 1/1
   179 | D:1      | Reached skill level 1 in Invocations
   179 | D:1      | Gained mutation: You regenerate a little health from kills.
                  | [demonic ancestry]
   179 | D:1      | Reached XP level 2. HP: 22/24 MP: 2/2
   675 | D:1      | Gained mutation: You have hidden genetic potential. [potion
                  | of mutation]
   675 | D:1      | Gained mutation: Your spells are a little easier to cast,
                  | but a little less powerful. [potion of mutation]
   743 | D:2      | Found a faded altar of an unknown god.
   772 | D:2      | Prayed at the altar of an unknown god.
   772 | D:2      | Became a worshipper of Uskayaw the Reveller
   772 | D:2      | Reached * piety under Uskayaw
   773 | D:2      | Fell from the grace of Uskayaw
   857 | D:2      | Reached XP level 3. HP: 29/29 MP: 4/4
   895 | D:2      | Gained mutation: You have a pair of small horns on your
                  | head. [hidden potential]
   980 | D:2      | Lost mutation: You have hidden genetic potential. [potion
                  | of mutation]
   980 | D:2      | Lost mutation: You have a pair of small horns on your head.
                  | [potion of mutation]
   980 | D:2      | Lost mutation: Your spells are a little easier to cast, but
                  | a little less powerful. [potion of mutation]
   980 | D:2      | Gained mutation: Your body sometimes deteriorates upon
                  | taking damage. [potion of mutation]
   981 | D:2      | Lost mutation: Your body sometimes deteriorates upon taking
                  | damage. [potion of mutation]
   981 | D:2      | Gained mutation: Your magical capacity is low. (-10% MP)
                  | [potion of mutation]
   981 | D:2      | Gained mutation: You are somewhat resistant to further
                  | mutation. [potion of mutation]
  1549 | D:3      | Found Heogg's Distillery.
  1568 | D:3      | Found Huvvug's Assorted Antiques.
  1590 | D:3      | Gained mutation: You are partially covered in sharp spines.
                  | [demonic ancestry]
  1590 | D:3      | Reached XP level 4. HP: 35/35 MP: 5/5
  1599 | D:3      | Identified the +3 rapier of Qazlal's Envy {pain, rF+ rN+}
  1619 | D:3      | Found a sacrificial altar of Ru.
  1647 | D:3      | Found Coebrona's Magic Scroll Emporium.
  1783 | D:3      | Lost mutation: Your magical capacity is low. (-10% MP)
                  | [potion of mutation]
  1783 | D:3      | Lost mutation: You are somewhat resistant to further
                  | mutation. [potion of mutation]
  1783 | D:3      | Gained mutation: You possess an exceptional clarity of
                  | mind. [potion of mutation]
  2025 | D:3      | Found Tixa's Jewellery Shoppe.
  2199 | D:3      | Found Plog's Book Boutique.
  2475 | D:4      | Noticed a scorpion
  2483 | D:4      | Killed a scorpion
  2484 | D:4      | Reached skill level 1 in Short Blades
  2484 | D:4      | Gained mutation: You have a pair of small horns on your
                  | head. [demonic ancestry]
  2484 | D:4      | Reached XP level 5. HP: 33/42 MP: 5/7
  2513 | D:4      | Noticed an ogre
  2522 | D:4      | Killed an ogre
  2539 | D:4      | Reached XP level 6. HP: 23/48 MP: 8/8
  2820 | D:4      | Found a broken altar of Ashenzari.
  3267 | D:4      | Identified a scroll of acquirement
  3267 | D:4      | Acquired a manual of Armour
  3270 | D:5      | Entered Level 5 of the Dungeon
  3273 | D:5      | Noticed Blork the orc
  3286 | D:5      | Killed Blork the orc
  3287 | D:5      | Reached skill level 3 in Armour
  3436 | D:5      | Found an ornate altar of the Wu Jian Council.
  3559 | D:5      | Paralysed by the fury of Uskayaw for 4 turns
  3559 | D:5      | Was forgiven by Uskayaw
  3574 | D:5      | Gained mutation: You are partially covered in yellow
                  | scales. (AC +2) [demonic ancestry]
  3574 | D:5      | Reached XP level 7. HP: 43/55 MP: 9/9
  3678 | D:5      | Found an iron altar of Okawaru.
  3806 | D:5      | Noticed Ijyb
  3816 | D:5      | Killed Ijyb
  3874 | D:5      | Found Zaibe's Armour Emporium.
  3924 | D:5      | Found a burning altar of Makhleb.
  4258 | D:5      | Reached skill level 5 in Fighting
  4258 | D:5      | Reached skill level 4 in Armour
  4366 | D:6      | Found a staircase to the Ecumenical Temple.
  4390 | Temple   | Entered the Ecumenical Temple
  4444 | Temple   | Became a worshipper of Qazlal Stormbringer
  4687 | D:6      | Reached skill level 5 in Short Blades
  4687 | D:6      | Reached skill level 5 in Armour
  4687 | D:6      | Gained mutation: You are mostly covered in yellow scales.
                  | (AC +3) [demonic ancestry]
  4687 | D:6      | Reached XP level 8. HP: 63/63 MP: 10/10
  4811 | D:6      | Found a snail-covered altar of Cheibriados.
  5055 | D:6      | Found an opulent altar of Gozag.
  5055 | D:6      | Found a sparkling altar of Nemelex Xobeh.
  5261 | D:7      | Noticed a hornet
  5289 | D:7      | Paralysed by a hornet for 3 turns
  5295 | D:7      | Paralysed by a hornet for 3 turns
  5299 | D:7      | Killed a hornet
  5749 | D:7      | Reached skill level 6 in Armour
  6585 | D:8      | Reached skill level 1 in Dodging
  6652 | D:8      | Reached * piety under Qazlal
  6707 | D:8      | Gained mutation: You are completely covered in yellow
                  | scales. (AC +4, rCorr) [demonic ancestry]
  6707 | D:8      | Reached XP level 9. HP: 71/71 MP: 12/12
  6771 | D:8      | Reached skill level 7 in Armour
  6917 | D:8      | Reached skill level 5 in Invocations
  6954 | D:8      | Found a blossoming altar of Fedhas.
  7028 | D:8      | Noticed a kobold demonologist
  7039 | D:8      | Killed a kobold demonologist
  7187 | D:8      | Found Fistruiwi's Book Shoppe.
  7532 | D:9      | Found an ancient bone altar of Kikubaaqudgha.
  7563 | D:9      | Reached skill level 8 in Armour
  7671 | D:9      | Reached skill level 5 in Dodging
  7746 | D:9      | Reached ** piety under Qazlal
  7777 | D:9      | HP: 1/69 [wight/+2 trident of freezing (8)]
  7777 | D:9      | Slain by a wight

Illustrated notes

Levels and vault maps discovered:
D:1:      dpeg_arrival_three_smaller_balls, layout_basic
D:2:      layout_basic, shapermc_ecumenical_altar_mp_vishouse,
          serial_bayou_pond_d, st_stairs_7
D:3:      layout_basic, nicolae_ru_the_path_less_chosen, serial_shops, shop,
          shop_fountains, shop, shop, nicolae_shop_behind_doors
D:4:      minmay_skewed_foursquare, layout_rooms, nicolae_ashenzari_skybound
D:5:      layout_basic, okawaru_ov_weapons_minmay, demons_altar,
          nicolae_overflow_crystal_walls, serial_shops,
          nicolae_shop_tiny_waterfront, uniq_ijyb, uniq_blork_the_orc
D:6:      layout_basic, grunt_temple_overflow_opulence, lemuel_round_altar,
          minmay_temple_entry_purple_smoke, hangedman_glass_teeth
D:7:      layout_basic
D:8:      layout_basic, marbit_many_paths, serial_shops, kennysheep_little_box
D:9:      layout_roguey, general_overflow_altar, serial_shops, shop,
          nicolae_fountain_basement
Temple:   kb_temple_of_zot

Skill      XL: |  1  2  3  4  5  6  7  8  9 |
---------------+----------------------------+-----
Axes           | 2 3 |  3.1
Invocations    | 1 2 3 4 6 |  6.9
Short Blades   | 1 2 3 5 6 |  6.7
Fighting       | 4 5 6 |  6.4
Armour         | 3 5 6 8 |  8.7
Dodging        | 1 5 |  5.4
Shields        | |  2.6

Action                     |  1- 3 |  4- 6 |  7- 9 || total
---------------------------+-------+-------+-------++-------
  Melee: War axe           |    86 |       |       ||    86
         Headbutt          |     1 |    17 |    72 ||    90
         Rapier            |       |    89 |   328 ||   417
 Invoke: Renounce Religion |     1 |       |       ||     1
  Evoke: Wand              |       |       |     1 ||     1
    Use: Scroll            |     4 |     3 |     8 ||    15
         Potion            |     3 |     2 |     4 ||     9
 Armour: Scale mail        |     6 |       |       ||     6
         Chain mail        |    43 |    32 |       ||    75
         Plate armour      |       |    13 |   237 ||   250
  Dodge: Dodged            |    21 |    17 |    76 ||   114
  Block: Buckler           |    20 |    14 |    87 ||   121
